Match 40332131
Unlisted
Match 40332131
End
Selects Luftwaffe Battlegroup
Selects Luftwaffe Pioneer Support
Fallschirmpioneer Squad Paradrop
Construct Infanterie Kompanie
Fallschirmpioneer Squad Paradrop
MG 42 Machine Gun Team
Fallschirmpioneer Squad Paradrop
Infanterie Officer Quarters
GrW 34 Mortar Team
Selects Stuka Strafing Run
Medical Bunker
Construct Luftwaffe Kompanie
Jäger Squad
Selects Flak 38 Anti-Air Emplacement
Stuka Strafing Run
Luftwaffe Officer Quarters
Jäger Squad
Selects Fallschirmjäger Squad Paradrop
Stuka Strafing Run
Fallschirmjäger Squad Paradrop
Medical Bunker
Fallschirmjäger Squad Paradrop
Selects Stuka Loiter
Construct Panzergrenadier Kompanie
Construct Panzer Kompanie
Medical Bunker
Panzer IV Medium Tank
Selects Infantry Reserves
Panzer IV Medium Tank
Panzer IV Medium Tank
Stuka Loiter
Lemminkainen45
JohnBPKC
Short Stack
Peasant
SgtSteiner
Joe Bizon
ZyG | IronPriest
Jun
0
0
Comments sign in to comment!
No comments posted yet!